Unix NetHack Version 5.0.0-0 post-release - last build Jun 10 2026 00:39:30 (3ee93aec679c4c4259841fe613dc97188e26a321,branch:main).

Game began 2026-07-02 20:34:27, ended 2026-07-02 20:47:41.

ARFwashere, lawful male dwarven Archeologist

                                                             #
                                                       -+----|----
                                                       |<...{....|
                                                       |....d....|
                                                      B@.........|
                                                       |.........|
                                                       -----------

ARFwashere the Field Worker  St:14 Dx:9 Co:13 In:16 Wi:16 Ch:11  Lawful
Dlvl:3  $:1171 HP:0(26) Pw:16(16) AC:4  Xp:3 T:2116  Burdened

Latest messages:
 You have a little trouble lifting G - a crude dagger (at the ready) (3 in total).
 E - a dagger.
 You hear a gurgling noise.
 The little dog misses the floating eye.
 The little dog is frozen by the floating eye's gaze!
 In what direction? h
 The crude dagger misses the floating eye.
 In what direction? h
 The crude dagger hits the floating eye.
 You hear a door open.
 In what direction? h
 The crude dagger hits the floating eye.
 You have no ammunition readied.
 What do you want to fire? [$aE or ?*] E
 You ready: E - a dagger.
 In what direction? h
 You kill the floating eye!
 You have a little trouble lifting E - a dagger (at the ready).
 G - 3 crude daggers.
 In what direction? k
 This door is locked.
 In what direction? k
 The door opens.
 You hear someone counting gold coins.
 You hear the chime of a cash register.
 You find a hidden door.
 The hobgoblin opens a door.
 The hobgoblin hits!
 You already found a monster.  Use 'm' prefix to force another search.
 You already found a monster.  Use 'm' prefix to force another search.
 You kill the hobgoblin!
 The giant bat bites!
 The giant bat bites!
 You hit the giant bat.
 The giant bat bites!
 The giant bat bites!
 You miss the giant bat.
 The giant bat bites!
 The giant bat misses!
 You hit the giant bat.
 The giant bat bites!
 The giant bat bites!
 You hear a gurgling noise.
 The giant bat bites!
 You die...
 Do you want your possessions identified? [ynq] (y) n
 Do you want to see your attributes? [ynq] (y) n
 Do you want an account of creatures vanquished? [ynaq] (y) n
 Do you want to see your conduct and achievements? [ynq] (y) n
 Do you want to see the dungeon overview? [ynq] (y) n

Inventory:
 Coins    ('$')
  $ - 1171 gold pieces
 Weapons  (')')
  E - a blessed +0 dagger (at the ready)
  G - 3 +0 orcish daggers
  a - a +2 bullwhip (alternate weapon; not wielded)
 Armor    ('[')
  A - an uncursed +0 orcish helm (being worn)
  o - an uncursed +0 chain mail (being worn)
 Comestibles  ('%')
  C - an uncursed banana
  t - an uncursed carrot
  d - 2 uncursed food rations
  H - an uncursed sprig of wolfsbane
  x - an uncursed tripe ration
 Scrolls  ('?')
  z - an uncursed scroll of enchant armor
  p - an uncursed scroll of light
  j - an uncursed scroll of scare monster
 Potions  ('!')
  B - a cursed potion of extra healing
  u - an uncursed potion of gain ability
  n - a blessed potion of healing
  m - an uncursed potion of monster detection
  w - 2 uncursed potions of oil
  k - a cursed potion of sleeping
  v - an uncursed potion of speed
 Rings    ('=')
  q - a cursed -1 ring of gain strength
 Wands    ('/')
  r - a wand of locking (0:4)
 Tools    ('(')
  i - an empty uncursed sack
  D - a blessed crystal ball (0:2)
  e - a +0 pick-axe (weapon in right hand)
  h - an uncursed tin opener
  f - a tinning kit (0:67)
 Gems/Stones  ('*')
  F - an uncursed worthless piece of yellowish brown glass
  g - an uncursed touchstone

ARFwashere the Archeologist's attributes:

Background:
 You were a Field Worker, a level 3 male dwarven Archeologist.
 You were lawful, nominally on a mission for Quetzalcoatl
 who was opposed by Camaxtli (neutral) and Huhetotl (chaotic).
 You were right-handed.
 You were in the Dungeons of Doom, on level 3.
 You entered the dungeon 2116 turns ago.
 There was a full moon in effect when your adventure ended.
 You had 70 experience points, 10 more were needed to attain level 4.

Basics:
 You had 0 out of 26 hit points.
 You had all 16 energy points (spell power).
 Your armor class was 4.
 Your wallet contained 1171 zorkmids.
 Autopickup was on for '$' plus thrown.

Final Characteristics:
 Your strength was 14 (limit:18/100).
 Your dexterity was 9 (limit:20).
 Your constitution was 13 (limit:20).
 Your intelligence was 16 (limit:16).
 Your wisdom was 16 (limit:16).
 Your charisma was 11 (limit:16).

Final Status:
 You weren't hungry.
 You were burdened; movement was slightly slowed.
 You were wielding a pick-axe.
 You had basic skill with pick-axe.

Final Attributes:
 You were piously aligned.
 You were fire resistant.
 You had automatic searching.
 You had infravision.
 You were warded.
 You were lucky.
 You are dead.

Miscellaneous:
 You didn't encounter any bones levels.
 Total elapsed playing time was 13 minutes and 14 seconds.

Major events:
 Turn
    1: ARFwashere the lawful male dwarven Archeologist entered the dungeon
 1682: attained the rank of Field Worker (level 3)
 2116: killed by a giant bat

You didn't know any spells.

Skills:
 Fighting Skills
   bare handed combat [Unskilled]
   two weapon combat  [Unskilled]
   riding             [Unskilled]
 Weapon Skills
   dagger             [Unskilled]
   knife              [Unskilled]
   pick-axe           [Basic]
   short sword        [Unskilled]
   saber              [Unskilled]
   club               [Unskilled]
   quarterstaff       [Unskilled]
   sling              [Unskilled]
   dart               [Unskilled]
   boomerang          [Unskilled]
   whip               [Basic]
   unicorn horn       [Unskilled]
 Spellcasting Skills
   attack spells      [Unskilled]
   healing spells     [Unskilled]
   divination spells  [Unskilled]
   matter spells      [Unskilled]

Voluntary challenges:
 Character rerolling was not enabled.
 You followed a strict vegan diet.
 You were an atheist.
 You never genocided any monsters.
 You never polymorphed an object.
 You never changed form.
 You used no wishes.
Achievement:
 You attained the rank of Field Worker.

 The Dungeons of Doom: levels 1 to 3
    Level 1:
       A fountain.
    Level 2:
       A sink.
    Level 3: <- You were here.
       A fountain.
       Final resting place for
          you, killed by a giant bat.


Vanquished creatures:
  a floating eye
  a hobbit
  a large kobold
  a hobgoblin
  a giant rat
  a brown mold
  a yellow mold
  a red mold
  2 gnome zombies
  2 geckos
  4 jackals
  2 foxes
  a kobold
  3 goblins
  2 sewer rats
  4 grid bugs
  5 lichens
  2 newts
35 creatures vanquished.

No species were genocided or became extinct.

Game over:
                       ----------
                      /          \
                     /    REST    \
                    /      IN      \
                   /     PEACE      \
                  /                  \
                  |    ARFwashere    |
                  |     1171 Au      |
                  |   killed by a    |
                  |    giant bat     |
                  |                  |
                  |                  |
                  |       2026       |
                 *|     *  *  *      | *
        _________)/\\_//(\/(/\)/\//\/|_)_______

Goodbye ARFwashere the Archeologist...

You died in The Dungeons of Doom on dungeon level 3 with 1434 points,
and 1171 pieces of gold, after 2116 moves.
You were level 3 with a maximum of 26 hit points when you died.

